 Dungeon Crawl Stone Soup version 0.25.0-11-g1f837a76a1 (webtiles) character file.

Game seed: 12531309752421684708

5743 Flugkiller the Covert (level 10, -1/49 HPs)
             Began as a Spriggan Enchanter on June 26, 2020.
             Was a Priest of Dithmenos.
             Killed from afar by an electric eel (15 damage)
             ... with a bolt of electricity
             ... on level 11 of the Dungeon.
             The game lasted 00:22:22 (6713 turns).

Flugkiller the Covert (Spriggan Enchanter)          Turns: 6713, Time: 00:22:22

Health: -1/49      AC:  5    Str: 10    XL:     10   Next: 49%
Magic:  15/17      EV: 28    Int: 17    God:    Dithmenos [***...]
Gold:   387        SH:  0    Dex: 20    Spells: 9/17 levels left

rFire    x . .     SeeInvis +   G - +2 dagger (distort)
rCold    + + .     Gourm    .   (shield restricted)
rNeg     . . .     Faith    .   H - +2 robe {rC+}
rPois    .         Spirit   .   (helmet restricted)
rElec    .         Reflect  .   b - +0 cloak
rCorr    .         Harm     .   (gloves unavailable)
MR       +....                  (boots unavailable)
Stlth    +++++++...             (no amulet)
HPRegen  0.16/turn              p - +6 ring of strength
MPRegen  0.15/turn              B - ring of ice

@: wreathed by umbra, very quick
A: very small, unfitting armour, see invisible, herbivore, speed 3, slow
metabolism 2
a: Shadow Step, Renounce Religion


You were on level 11 of the Dungeon.
You worshipped Dithmenos.
Dithmenos was most pleased with you.
You were not hungry.

You visited 2 branches of the dungeon, and saw 12 of its levels.

You collected 387 gold pieces.

Inventory:

Hand Weapons
 a - a +2 dagger of electrocution
   (You took it off an orc wizard on level 11 of the Dungeon)
 s - a +1 dagger of holy wrath
   (You took it off an orc wizard on level 7 of the Dungeon)
 y - the +3 Elemental Staff {rElec rF++ rC++ MR++ AC+5}
   (You found it on level 9 of the Dungeon)

   It affects your AC (+5).
   It greatly protects you from fire.
   It greatly protects you from cold.
   It insulates you from electricity.
   It affects your resistance to hostile enchantments.
 G - a +2 dagger of distortion (weapon)
   (You took it off Psyche on level 10 of the Dungeon)
 I - a +2 vampiric dagger
   (You took it off an orc wizard on level 10 of the Dungeon)
Missiles
 q - 6 atropa-tipped darts (quivered)
 x - 2 throwing nets
Armour
 b - a +0 cloak (worn)
   (You took it off Crazy Yiuf on level 7 of the Dungeon)
 v - a +1 robe of fire resistance
   (You took it off Pikel on level 7 of the Dungeon)
 H - a +2 robe of cold resistance (worn)
   (You took it off Psyche on level 10 of the Dungeon)
Jewellery
 p - a +6 ring of strength (left hand)
   (You found it on level 7 of the Dungeon)
 B - a ring of ice (right hand)
   (You found it on level 9 of the Dungeon)
 F - an uncursed ring of flight
   (You found it on level 10 of the Dungeon)
Wands
 C - a wand of paralysis (6)
   (You found it on level 9 of the Dungeon)
Scrolls
 c - 4 scrolls of remove curse
 e - 2 scrolls of enchant weapon {unknown}
 g - a scroll of fear {unknown}
 i - 3 scrolls of immolation
 j - 4 scrolls of teleportation
 k - a scroll of blinking
 n - a scroll of enchant armour {unknown}
 r - 2 scrolls of amnesia
Potions
 f - 2 potions of lignification
 l - a potion of curing {unknown}
 m - 2 potions of stabbing
 o - a potion of flight {unknown}
 t - a potion of ambrosia {unknown}
 u - a potion of magic {unknown}
 w - 2 potions of haste
 z - a potion of mutation {unknown}
 A - a potion of might {unknown}
 D - a potion of degeneration {unknown}
Miscellaneous
 E - a phial of floods
   (You found it on level 10 of the Dungeon)
Comestibles
 d - 3 rations


   Skills:
 + Level 3.8 Fighting
 + Level 6.7 Short Blades
 + Level 10.7 Dodging
 - Level 12.0 Stealth
 - Level 4.0 Spellcasting
 - Level 8.0 Hexes
 - Level 3.0 Invocations
 - Level 7.0 Evocations


You had 9 spell levels left.
You knew the following spells:

 Your Spells              Type           Power        Failure   Level  Hunger
b - Ensorcelled Hibernat  Hex/Ice        ####..       4%          2    ##.....
c - Confusing Touch       Hex            ####....     1%          3    ###....
d - Tukima's Dance        Hex            ####....     1%          3    ###....

Your spell library contained the following spells:

 Spells                   Type           Power        Failure   Level  Hunger
 Corona                   Hex            ####...      1%          1    None
 Dazzling Flash           Conj/Hex       ###...       9%          3    ###....
 Magic Dart               Conj           #...         16%         1    None
 Searing Ray              Conj           #.....       24%         2    ##.....
 Fulminant Prism          Conj/Hex       ###.......   30%         4    ####...
 Iskenderun's Mystic Bla  Conj/Tloc      #.......     83%         4    ####...


Dungeon Overview and Level Annotations

Branches:
Dungeon (11/15)            Temple (1/1) D:4             Orc (0/2) D:9
   Lair: D:8-11

Altars:
Ashenzari
Cheibriados
Dithmenos
Fedhas
Gozag
Hepliaklqana
Makhleb
Qazlal
Ru
Uskayaw
Vehumet
Wu Jian
Xom
Yredelemnul
The Shining One

Shops:
D:10 ?

Annotations:
D:2 Natasha
D:3 exclusion: orc
D:5 exclusion: phantom
D:7 exclusion: 2 wights, Dowan, Duvessa
D:9 exclusions: bullfrog, hippogriff, 8 orcs, orc warrior and zombie
D:11 exclusions: adder, hornet, 3 orcs, orc wizard and soldier ant


Innate Abilities, Weirdness & Mutations

You are very small and have problems with some larger weapons.
You are too small for most types of armour.
You have supernaturally acute eyesight. (SInv)
You are a herbivore.
You cover ground extremely quickly.
You need to consume almost no food.


Message History

You hit the water elemental.
The water elemental is devoured by a tear in reality.
Unknown command.
Casting: Ensorcelled Hibernation (safe; 4% risk of failure)
Confirm with . or Enter, or press ? or * to list all spells.
Okay, then.
Press: ? - help, v - describe, . - travel, g - get item
Here: a vampire, wielding a +0 flail and quivering 16 stones (slightly transparent)
A basilisk corpse.
The floor, spattered with blood.
You start resting.
The vampire is too close now for your liking.
Casting: Ensorcelled Hibernation (safe; 4% risk of failure)
Confirm with . or Enter, or press ? or * to list all spells.
Your hands begin to glow red.
The vampire throws a stone.
The stone hits you. The vampire closely misses you.
The vampire barely misses you.
You hit the vampire but do no damage. You hit the vampire but do no damage.
The vampire appears confused.
The vampire completely misses you.
The vampire bites you but does no damage.
You strike the helpless vampire from behind!
You impale the vampire!!
You destroy the vampire!
Dithmenos accepts your kill.
Unknown command.
Things that are here:
a +0 flail; 15 stones; a wolf skeleton
Items here: ) [[ †† a cursed -2 robe; a +0 flail; a +0 chain mail; a hound corpse; an orc corpse
Things that are here:
a +0 club; a hornet corpse; an orc corpse You see here a basilisk corpse.
You see here a stone.
The adder hisses angrily.
You hit the adder but do no damage.
The adder blinks!
The electric eel shoots out a bolt of lightning at you!
The bolt of electricity hits you!
The electric eel shoots out a bolt of lightning at you!
The bolt of electricity hits you!
The electric eel shoots out a bolt of lightning at you!
The bolt of electricity misses you.
You hit the adder.
Space warps horribly around the adder!
You kill the adder!
Dithmenos accepts your kill.
The electric eel shoots out a bolt of lightning at you!
The bolt of electricity hits you!
* * * LOW HITPOINT WARNING * * *
The electric eel shoots out a bolt of lightning at you!
The bolt of electricity hits you!
You die...

#..≈≈≈≈≈..≈≈≈.. ##' .
#..≈≈.;≈.≈≈≈≈. #.. .. .
#.≈..≈≈≈.≈≈≈≈hh #.) ...
.##...≈≈≈≈.≈≈≈≈≈..##..
.... '.[.≈.≈≈≈.≈.≈≈E...'..
.....##..≈≈≈≈≈.≈.≈≈...##).
#............Y§..;≈...≈...
#.. #.... #..............
#.> #.... ##..@.........
#.. #o... #####(######.
####..


#ooS. #†# ....... o.. #.# #####.. #'## #)# ### #..## #[# ##..# #)# ##.# ##.####
### ####.#### #...(.# #.. You could see a sky beast and 2 electric eels.

Vanquished Creatures
  Pikel (D:7)
  A centaur zombie (D:10)
  Psyche (D:10)
  2 trolls
  A hornet (D:11)
  A hippogriff (D:10)
  A wyvern (D:10)
  A vampire (D:11)
  A basilisk (D:11)
  2 yaks (D:9)
  An orc warrior (D:7)
  A slave (D:7)
  2 black bears
  An ice beast (D:5)
  2 sky beasts
  A phantom (D:9)
  2 centaurs
  An ogre (D:10)
  5 wolves (D:11)
  A big kobold (D:10)
  5 bullfrogs
  4 scorpions
  A howler monkey (D:4)
  A wight (D:7)
  6 crimson imps
  3 bullfrog zombies
  5 hounds
  A centaur skeleton (D:11)
  5 orc wizards
  Crazy Yiuf (D:7)
  4 bullfrog skeletons
  3 iguanas
  3 worker ants
  A hound zombie (D:9)
  A worker ant zombie (D:6)
  A howler monkey zombie (D:5)
  7 adders
  4 gnolls (D:9)
  An adder zombie (D:6)
  An adder skeleton (D:5)
  2 dart slugs (D:2)
  2 worms
  2 leopard geckos
  10 orcs
  3 giant cockroaches
  3 goblins
  2 hobgoblins (D:3)
  7 jackals
  A bat (D:1)
  3 frilled lizards
  A jackal zombie (D:5)
  13 kobolds
  A quokka zombie (D:6)
  3 rats
140 creatures vanquished.

Vanquished Creatures (collateral kills)
  An ogre (D:6)
  An orc (D:7)
2 creatures vanquished.

Vanquished Creatures (others)
  A water elemental (D:11)
  A slave (D:7)
  A crimson imp (D:7)
  An orc wizard (D:7)
  An orc (D:11)
5 creatures vanquished.

Grand Total: 147 creatures vanquished

Notes
Turn   | Place    | Note
-------+----------+-------------------------------------------
     0 | D:1      | Flugkiller the Spriggan Enchanter began the quest for the
                  | Orb.
     0 | D:1      | Reached XP level 1. HP: 9/9 MP: 5/5
   140 | D:1      | Reached skill level 5 in Stealth
   217 | D:2      | Reached XP level 2. HP: 10/13 MP: 3/6
   288 | D:2      | Found a faded altar of an unknown god.
   297 | D:2      | Noticed Natasha
   444 | D:2      | You fall into a shaft and drop 2 floors!
   593 | D:2      | Reached skill level 6 in Stealth
   887 | D:2      | Learned a level 2 spell: Ensorcelled Hibernation
  1366 | D:3      | Reached XP level 3. HP: 16/16 MP: 8/8
  1589 | D:3      | Reached skill level 7 in Stealth
  1595 | D:3      | Found a basalt altar of Yredelemnul.
  1625 | D:4      | Noticed a scorpion
  1631 | D:4      | Killed a scorpion
  1631 | D:4      | Reached skill level 8 in Stealth
  1631 | D:4      | Reached XP level 4. HP: 21/21 MP: 6/9
  1662 | D:4      | Learned a level 3 spell: Confusing Touch
  1765 | D:4      | Found a radiant altar of Vehumet.
  1765 | D:4      | Noticed a frost-covered statue
  1788 | D:4      | Found a staircase to the Ecumenical Temple.
  1867 | D:4      | Reached XP level 5. HP: 24/24 MP: 8/11
  1879 | D:5      | Entered Level 5 of the Dungeon
  1916 | D:5      | Noticed a sky beast
  1923 | D:5      | Killed a sky beast
  1923 | D:5      | Reached skill level 5 in Hexes
  2058 | D:4      | Found a stormy altar of Qazlal.
  2065 | D:4      | Reached XP level 6. HP: 26/28 MP: 8/13
  2152 | D:5      | Noticed an ice beast
  2157 | D:5      | Killed an ice beast
  2404 | Temple   | Entered the Ecumenical Temple
  2419 | Temple   | Became a worshipper of Dithmenos the Shadowed
  2566 | D:5      | Found a hide-covered altar of Uskayaw.
  2566 | D:5      | Found a snail-covered altar of Cheibriados.
  2569 | D:5      | Found a hazy altar of Hepliaklqana.
  2842 | D:6      | Reached XP level 7. HP: 17/32 MP: 3/14
  3675 | D:6      | Learned a level 3 spell: Tukima's Dance
  3707 | D:6      | Reached skill level 9 in Stealth
  3757 | D:7      | Noticed Duvessa
  3757 | D:7      | Noticed Dowan
  3820 | D:7      | Reached skill level 5 in Dodging
  3939 | D:7      | Reached * piety under Dithmenos
  4055 | D:7      | Noticed Pikel
  4056 | D:7      | Reached XP level 8. HP: 36/36 MP: 13/15
  4154 | D:7      | Killed Pikel
  4154 | D:7      | Reached skill level 12 in Stealth
  4287 | D:7      | Found a runed translucent door.
  4288 | D:7      | Noticed Crazy Yiuf
  4296 | D:7      | Killed Crazy Yiuf
  4296 | D:7      | Reached skill level 1 in Fighting
  4953 | D:9      | Found the +3 Elemental Staff {rElec rF++ rC++ MR++ AC+5}
  5029 | D:9      | Found a basalt altar of Yredelemnul.
  5047 | D:9      | Reached XP level 9. HP: 35/42 MP: 7/16
  5275 | D:9      | Reached skill level 10 in Dodging
  5381 | D:10     | Entered Level 10 of the Dungeon
  5414 | D:9      | Reached ** piety under Dithmenos
  5593 | D:9      | Found a staircase to the Orcish Mines.
  5625 | D:10     | Noticed a troll
  5632 | D:10     | Found Morip's Magic Scroll Boutique.
  5650 | D:10     | Killed a troll
  5655 | D:10     | Reached skill level 1 in Invocations
  5704 | D:10     | Reached skill level 1 in Evocations
  5957 | D:10     | Found a glowing golden altar of the Shining One.
  6023 | D:10     | Reached XP level 10. HP: 49/49 MP: 11/17
  6173 | D:11     | Reached skill level 5 in Evocations
  6219 | D:11     | Reached *** piety under Dithmenos
  6285 | D:10     | Noticed Psyche
  6291 | D:10     | Killed Psyche
  6713 | D:11     | Killed from afar by an electric eel

Illustrated notes

Levels and vault maps discovered:
D:1:      psy_arrival_fountain, layout_loops_ring, serial_park_tiny_2
D:2:      layout_basic, lemuel_crystal_altar, chequers_ecumenical_altar_twisty,
          uniq_natasha
D:3:      layout_loops_corners, yredelemnul_altar_generic,
          chequers_serial_rivers_room_a, ebering_dispersal_statue_hall,
          minivault_24
D:4:      layout_loops_ring, vehumet_statue, lemuel_doored_altar,
          minmay_temple_entry_from_below_b, serial_shops, kennysheep_mini_moat,
          grunt_ministairs_2, small_statue_alley_b, kennysheep_cluttered_room
D:5:      kennysheep_kobold_camp, layout_basic, nicolae_overflow_hidden_temple,
          first_ration
D:6:      layout_cave_pods, serial_shops, shop, uniq_blork_the_orc
D:7:      layout_basic, lightli_ossuary_entry_decrepit_ruins, uniq_duvessa,
          uniq_crazy_yiuf_cottage, uniq_pikel
D:8:      layout_basic, uniq_harold
D:9:      layout_roguey, david_orc_2, basic_altar, hangedman_fish_farm,
          chequers_serial_rivers_small_b, lemuel_flamethrower_1
D:10:     layout_cross, serial_shops, shop, nicolae_tso_carved_into_rock,
          uniq_psyche
D:11:     layout_roguey, erik_lair_island, uniq_gastronok
Temple:   eino_wide_crystal_templ

Skill      XL: |  1  2  3  4  5  6  7  8  9 10 |
---------------+-------------------------------+-----
Stealth        | 5 6 8 9 12 | 12.0
Spellcasting   | 3 4 |  4.0
Hexes          | 4 5 7 8 |  8.0
Dodging        | 6 9 10 | 10.7
Fighting       | 2 3 |  3.8
Short Blades   | 6 |  6.7
Invocations    | 3 |  3.0
Evocations     | 4 7 |  7.0

Action                   |  1- 3 |  4- 6 |  7- 9 | 10-12 || total
-------------------------+-------+-------+-------+-------++-------
Melee: Dagger            |    71 |    85 |   230 |    44 ||   430
 Cast: Corona            |     2 |     1 |     3 |       ||     6
       Ensorcelled Hiber |    11 |    20 |    52 |    15 ||    98
       Confusing Touch   |       |     4 |    17 |     4 ||    25
       Tukima's Dance    |       |       |     2 |       ||     2
  Use: Scroll            |     4 |       |     7 |       ||    11
 Stab: Sleeping          |    20 |    14 |    44 |    18 ||    96
       Confused          |       |     3 |    17 |     3 ||    23
       Distracted        |       |       |     1 |     1 ||     2
  Eat: Ration            |       |       |     4 |     1 ||     5
Armor: Robe              |     4 |     7 |    11 |     1 ||    23
Dodge: Dodged            |    46 |    60 |   169 |    23 ||   298
